 Dungeon Crawl Stone Soup version 0.32-a0-999-gfa1cc04b1d (webtiles) character file.

Game seed: 7508249508006454684

22673 Cancer the Nimble (level 13, -2/83 HPs)
             Began as an Octopode Delver on Apr 24, 2024.
             Was an Elder of Dithmenos.
             Shot with an arrow by Nessos (12 damage)
             ... on level 5 of the Lair of Beasts.
             The game lasted 01:05:32 (15738 turns).

Cancer the Nimble (Octopode Delver)                Turns: 15738, Time: 01:05:32

Health: -2/83      AC: 11    Str: 16    XL:     13   Next: 1%
Magic:  13/16      EV: 27    Int: 12    God:    Dithmenos [****..]
Gold:   941        SH:  0    Dex: 14    Spells: 14/16 levels left

rFire   + +          .
                       - Unarmed
rCold   + + .        (shield currently unavailable)
rNeg    + + +        U - melded +2 hat
rPois   ∞            Y - melded amulet of Viebasm {Acrobat rC+}
rElec   +            b - melded ring of protection from fire
rCorr   +            y - melded ring of wizardry
SInv    .            z - melded +6 ring of intelligence
Will    .....        E - melded +4 ring of protection
Stlth   +++++++      J - melded +4 ring of protection
HPRegen 0.33/turn    T - melded ring of poison resistance
MPRegen 0.15/turn    o - melded ring of protection from cold
                     M - melded +4 ring of protection

%: no passive effects
@: wisp-form, flying, wreathed by umbra
A: insubstantial, flying, no casting, almost no armour, (amphibious), (8 rings),
tiny, (camouflage 1), (gelatinous body 1), (nimble swimmer 1), (tentacles)
a: Renounce Religion, Shadow Step


You were on level 5 of the Lair of Beasts.
You worshipped Dithmenos.
Dithmenos was greatly pleased with you.
You were an insubstantial wisp.
You visited 3 branches of the dungeon, and saw 16 of its levels.
You also visited: Sewer, Ossuary and Bailey.

You collected 941 gold pieces.

Inventory:

Hand Weapons
 L - the +8 whip "Snakebite" {venom, curare, rPois}
   (You found it on level 3 of the Dungeon)

   rPois:     It protects you from poison.
Missiles
 P - 2 throwing nets (quivered)
Armour
 U - a +2 hat (melded)
Jewellery
 b - a ring of protection from fire (melded)
 o - a ring of protection from cold (melded)
 v - an amulet of regeneration
 y - a ring of wizardry (melded)
 z - a +6 ring of intelligence (melded)
 E - a +4 ring of protection (melded)
 J - a +4 ring of protection (melded)
 M - a +4 ring of protection (melded)
 Q - a ring of fire
 T - a ring of poison resistance (melded)
 Y - the amulet of Viebasm (melded) {Acrobat rC+}
   (You found it in a bailey)

   [amulet of the acrobat]

   Acrobat:   It increases your evasion while moving and waiting.
   rC+:       It protects you from cold.
Talismans
 A - a maw talisman
 F - a flux talisman (active)
Scrolls
 a - 2 scrolls of fog
 c - 6 scrolls of fear
 g - 2 scrolls of blinking {unknown}
 h - 2 scrolls of summoning {unknown}
 i - 2 scrolls of enchant armour {unknown}
 j - 2 scrolls of torment {unknown}
 k - 9 scrolls of teleportation {unknown}
 l - 3 scrolls of noise {unknown}
 m - 7 scrolls of poison {unknown}
 n - 5 scrolls of silence {unknown}
 w - 3 scrolls of brand weapon {unknown}
 B - a scroll of vulnerability {unknown}
 C - 9 scrolls of identify {unknown}
 G - 4 scrolls of revelation
 H - a scroll of enchant weapon {unknown}
 R - a scroll of amnesia {unknown}
Potions
 d - 2 potions of haste
 e - a potion of attraction {unknown}
 f - 3 potions of might {unknown}
 p - 2 potions of resistance {unknown}
 q - a potion of berserk rage {unknown}
 r - 2 potions of cancellation {unknown}
 s - 8 potions of curing {unknown}
 t - 3 potions of lignification {unknown}
 u - 2 potions of enlightenment {unknown}
 D - 3 potions of mutation {unknown}
 I - a potion of brilliance {unknown}
Miscellaneous
 X - a lightning rod (4/4)


   Skills:
 + Level 5.7 Fighting
 - Level 14.0 Dodging
 + Level 12.1 Stealth
 - Level 11.3 Unarmed Combat
 - Level 2.0 Spellcasting
 - Level 2.0 Invocations
 - Level 1.0 Evocations
 - Level 11.1 Shapeshifting


You had 14 spell levels left.
You knew the following spells:

 Your Spells              Type           Power      Damage    Failure   Level
a - Lesser Beckoning      Tloc           2%         N/A       38%         2

Your spell library contained the following spells:

 Spells                   Type           Power      Damage    Failure   Level
 Sandblast                Erth           2%         2d4       26%         1
 Slow                     Hex            4%         N/A       26%         1
 Confusing Touch          Hex            1%         N/A       63%         3
 Maxwell's Portable Pile  Tloc           1%         2d(5-13)  63%         3
 Passwall                 Erth           1%         N/A       63%         3
 Stone Arrow              Conj/Erth      2%         3d7       63%         3
 Teleport Other           Tloc           1%         N/A       63%         3
 Vampiric Draining        Necr           1%         2d6       63%         3
 Leda's Liquefaction      Alch/Erth      0%         N/A       95%         4
 Petrify                  Alch/Erth      1%         N/A       95%         4
 Metabolic Englaciation   Hex/Ice        0%         N/A       100%        5


Dungeon Overview and Level Annotations

Branches:
Dungeon (10/15)            Temple (1/1) D:6            Lair (5/5) D:10
 Shoals (0/4) Lair:2       Spider (0/4) Lair:3        Slime (0/5) Lair:5
  Sewer (visited)         Ossuary (visited)          Bailey (visited)
    Orc: D:9-12

Altars:
Ashenzari
Cheibriados
Dithmenos
Elyvilon
Fedhas
Gozag
Hepliaklqana
Kikubaaqudgha
Makhleb
Nemelex Xobeh
Okawaru
Qazlal
Ru
Sif Muna
Trog
Uskayaw
Vehumet
Wu Jian
Xom
Yredelemnul
Zin
The Shining One
Jiyva

Shops:
D:2 (

Annotations:
D:1 rev,2heal,2degen,fog
D:10 stash
Lair:5 exclusion: 6 oklob plants, Nessos


Innate Abilities, Weirdness & Mutations

You are an insubstantial wisp.
Your tiny insubstantial body is highly resistant to most damage types.
You are flying.
Your equipment is entirely melded.
You are incapable of wielding weapons or throwing items.
You cannot cast spells.
You cannot wear most types of armour.
((You are amphibious.))
((You can wear up to eight rings at the same time.))
((Your skin changes colour to match your surroundings (Stealth+).))
((Your rubbery body absorbs attacks. (AC +1, EV +1)))
((You are camouflaged when in or above water. (Stealth+)))
((You have tentacles for arms and can constrict up to eight enemies at once.))


Message History

Your ring of wizardry melds into your body.
Your +6 ring of intelligence melds into your body.
Your +4 ring of protection melds into your body. x2
Your ring of poison resistance melds into your body.
Your ring of protection from cold melds into your body.
Your +4 ring of protection melds into your body.
You feel stupid.
Unknown command.
The vampire mosquito misses you. Nessos barely misses you. Nessos misses you.
The vampire mosquito closely misses you.
You touch Nessos.
Nessos is severely wounded.
Nessos is no longer moving quickly.
Nessos says, "Even if you were a mare, I'd kill you!"
Nessos mumbles some strange words.
Nessos seems to speed up.
The vampire mosquito misses you. Nessos completely misses you.
Nessos misses you.
You touch Nessos.
Nessos is severely wounded.
Nessos intently looks at you, slowly moving their tail.
Nessos casts a spell.
Nessos blinks!
The vampire mosquito bites you. The vampire mosquito misses you.
Nessos stops glowing.
Nessos unwields a +0 vampiric dagger.
Nessos wields a +3 longbow of flaming.
It bursts into flame!
Nessos shoots an arrow.
The arrow completely misses you.
The arrow hits the vampire mosquito!!
The arrow burns the vampire mosquito.
The vampire mosquito is destroyed!
Nessos casts a spell.
Nessos blinks!
Nessos shoots an arrow.
The arrow hits you!
* * * LOW HITPOINT WARNING * * *
Nessos mumbles some strange words.
Nessos blinks!
You see here a vampire mosquito corpse.
Nessos casts a spell.
Nessos blinks!
Nessos casts a spell.
Nessos blinks!
Nessos shoots an arrow.
The arrow hits you!
You die...

#### ##### ##..## #...## ##
#P...# ##...####. ##...#####
##..#.#.. ###..#.#..# ##......
#P......#.# ##...#.
#..<......###### ##..###
##..#.†..§...#.###...##
#####.....v..†c..#..#...†##
###..##.##...........###..#.#
#....#..##............#.#.###
##..........§.........#.#..##
###.......###...§.........#c..#
##.........#
#........#####..###
#..........###.......## #...#
##....#.....########## ##.....
#######....## #.~c..


You could see Nessos (fast).

Vanquished Creatures
  Fannar (Lair:2)
  Erica (D:8)
  An orc knight (Bailey)
  A deep elf pyromancer (Bailey)
  A manticore (D:10)
  Maurice (D:7)
  6 elephants (Lair:2)
  4 black mambas
  A torpor snail (Lair:5)
  A kobold demonologist (D:9)
  5 cane toads
  Jeremiah (D:6)
  Maggie (D:7)
  5 komodo dragons
  Psyche (D:8)
  Grinder (D:3)
  2 polar bears
  2 hornets
  Prince Ribbit (D:7)
  3 blink frogs (Lair:5)
  Sigmund (D:6)
  2 wyverns
  18 yaks
  3 basilisks
  2 steam dragons (D:7)
  4 vampire mosquitoes (Lair:5)
  An acid dragon (D:8)
  9 water moccasins
  4 orc warriors
  3 black bears
  5 wolves (Lair:2)
  3 centaurs
  An ogre (D:4)
  2 phantoms
  5 kobold brigands
  2 brain worms (Sewer)
  2 elf zombies (Ossuary)
  5 scorpions
  8 bullfrogs
  3 gnoll sergeants
  3 wights (D:6)
  26 killer bees
  3 howler monkeys
  3 bombardier beetles
  An electric eel (D:8)
  A jelly (D:6)
  2 orc priests (D:3)
  Crazy Yiuf (D:3)
  2 hounds (D:4)
  2 sleepcaps
  6 iguanas
  2 orc wizards
  A hound zombie (Ossuary)
  4 mummies (Ossuary)
  12 gnolls
  5 river rats (Sewer)
  13 adders
  A white imp (D:7)
  An adder zombie (Ossuary)
  2 dart slugs (D:1)
  17 orcs
  9 ball pythons
  8 endoplasms
  9 giant cockroaches
  8 hobgoblins
  6 jackals
  23 kobolds
  3 quokkas
  8 bats
  4 frilled lizards
  A gnoll zombie (Ossuary)
  12 goblins
  2 goblin zombies (Ossuary)
  2 jackal zombies (Ossuary)
  2 kobold zombies (Ossuary)
  5 rats
  A rat zombie (Ossuary)
334 creatures vanquished.

Vanquished Creatures (others)
  A blink frog (Lair:5)
  A vampire mosquito (Lair:5)
  An orc wizard (D:8)
3 creatures vanquished.

Grand Total: 337 creatures vanquished

Notes
Turn   | Place    | Note
-------+----------+-------------------------------------------
     0 | D:5      | Cancer the Octopode Delver began the quest for the Orb.
     0 | D:5      | Reached XP level 1. HP: 16/16 MP: 1/1
     1 | D:5      | Found a white marble altar of Elyvilon.
     3 | D:5      | Noticed a scorpion
    10 | D:5      | Found a glowing drain.
    36 | Sewer    | Entered a sewer
    50 | Sewer    | Reached XP level 2. HP: 21/21 MP: 2/2
    85 | Sewer    | Reached XP level 3. HP: 21/26 MP: 3/3
   173 | Sewer    | Noticed a kobold brigand
   318 | Sewer    | Reached XP level 4. HP: 31/31 MP: 4/4
   332 | Sewer    | Noticed a brain worm
   339 | Sewer    | Killed a brain worm
   340 | Sewer    | Reached skill level 5 in Unarmed Combat
   340 | Sewer    | Reached XP level 5. HP: 27/36 MP: 5/5
   429 | Sewer    | Reached XP level 6. HP: 16/42 MP: 6/6
   578 | D:5      | Noticed a black bear
   585 | D:5      | Found a sand-covered staircase.
   594 | Ossuary  | Entered an ossuary
   890 | Ossuary  | Reached XP level 7. HP: 25/46 MP: 7/7
  1900 | D:4      | Identified the +2 short sword "Dragonbane" {freeze, Will+
                  | Str+3}
  1972 | D:4      | Reached skill level 1 in Shapeshifting
  1972 | D:4      | Reached XP level 8. HP: 11/52 MP: 8/8
  2775 | D:4      | Identified the +1 leather armour "Wabbomi" {rN+ SInv}
  2798 | D:3      | Found a snail-covered altar of Cheibriados.
  2881 | D:3      | Reached skill level 3 in Dodging
  2938 | D:3      | Noticed Grinder
  4478 | D:2      | Found Jomud's Weapon Shop.
  4834 | D:3      | Paralysed by Grinder for 4 turns
  4840 | D:3      | Killed Grinder
  4841 | D:3      | Reached skill level 4 in Dodging
  5180 | D:3      | Found a bloodstained altar of Trog.
  5180 | D:3      | Found a hide-covered altar of Uskayaw.
  5263 | D:3      | Found a runed translucent door.
  5263 | D:3      | Found the +8 whip "Snakebite" {venom, curare, rPois}
  5264 | D:3      | Noticed Crazy Yiuf
  5273 | D:3      | Killed Crazy Yiuf
  5275 | D:3      | Identified the +0 hammer of Arbitration {venom, Int+2 Dex+4
                  | Stlth+}
  5613 | D:6      | Reached XP level 9. HP: 53/56 MP: 9/9
  5702 | D:6      | Reached skill level 5 in Dodging
  5874 | D:6      | Noticed Sigmund
  5882 | D:6      | Killed Sigmund
  5948 | D:6      | Reached skill level 10 in Unarmed Combat
  5954 | D:6      | Noticed Jeremiah
  6303 | D:6      | Killed Jeremiah
  6304 | D:6      | Reached skill level 6 in Dodging
  6304 | D:6      | Reached skill level 10 in Stealth
  6328 | D:6      | Reached skill level 7 in Dodging
  6509 | D:6      | Found a staircase to the Ecumenical Temple.
  6518 | Temple   | Entered the Ecumenical Temple
  6629 | D:7      | Noticed Maurice
  6783 | D:7      | Learned a level 2 spell: Lesser Beckoning
  6881 | D:7      | Noticed Prince Ribbit
  6881 | D:7      | Noticed Maggie
  7045 | D:7      | Found a shadowy altar of Dithmenos.
  7067 | D:7      | Became a worshipper of Dithmenos the Shadowed
  7142 | D:7      | Reached skill level 8 in Dodging
  7142 | D:7      | Reached skill level 1 in Spellcasting
  7357 | D:7      | Killed Maurice
  7358 | D:7      | Reached skill level 5 in Shapeshifting
  7358 | D:7      | Reached XP level 10. HP: 59/63 MP: 0/13
  7693 | D:8      | Noticed Psyche
  7717 | D:7      | Reached skill level 9 in Dodging
  7930 | D:8      | Noticed Erica
  8005 | D:7      | Killed Prince Ribbit
  8057 | D:7      | Found an iron altar of Okawaru.
  8148 | D:7      | Killed Maggie
  8188 | D:8      | Found a sparkling altar of Nemelex Xobeh.
  8441 | D:8      | Found a burning altar of Makhleb.
  8759 | D:8      | Found a hazy altar of Hepliaklqana.
  8779 | D:8      | Found a broken altar of Ashenzari.
  9085 | D:8      | Killed Psyche
  9331 | D:8      | Killed Erica
  9589 | D:9      | Reached skill level 10 in Dodging
  9589 | D:9      | Reached XP level 11. HP: 63/67 MP: 12/14
  9611 | D:9      | Reached * piety under Dithmenos
  9671 | D:9      | Found an ornate altar of the Wu Jian Council.
  9795 | D:9      | Reached skill level 11 in Dodging
  9848 | D:9      | Found a flagged portal.
  9877 | Bailey   | Entered a bailey
  9936 | Bailey   | Reached ** piety under Dithmenos
  9939 | Bailey   | Found a large runed translucent door.
  9939 | Bailey   | Found a large runed translucent door.
  9944 | Bailey   | Noticed a deep elf pyromancer
 10013 | Bailey   | Noticed an orc knight
 10108 | Bailey   | Killed an orc knight
 10172 | Bailey   | Killed a deep elf pyromancer
 10187 | Bailey   | Identified the amulet of Viebasm {Acrobat rC+}
 10196 | Bailey   | Identified the +1 robe of the Unseen Realm {rC+ rN+}
 10350 | D:9      | Reached skill level 12 in Dodging
 10464 | D:9      | Reached skill level 10 in Shapeshifting
 10819 | D:10     | Entered Level 10 of the Dungeon
 10876 | D:10     | Found a shimmering blue altar of Sif Muna.
 11026 | D:10     | Found a staircase to the Lair.
 11090 | D:10     | Reached *** piety under Dithmenos
 11104 | D:10     | Noticed a manticore
 11547 | D:10     | Killed a manticore
 11548 | D:10     | Reached skill level 13 in Dodging
 11548 | D:10     | Reached skill level 1 in Invocations
 11792 | Lair:1   | Entered Level 1 of the Lair of Beasts
 11988 | Lair:1   | Reached skill level 1 in Evocations
 12149 | Lair:1   | Reached XP level 12. HP: 49/72 MP: 15/15
 12819 | Lair:2   | Noticed Fannar
 13228 | Lair:2   | Found a staircase to the Shoals.
 14227 | Lair:2   | Reached skill level 14 in Dodging
 14362 | Lair:2   | Killed Fannar
 14867 | Lair:3   | Reached **** piety under Dithmenos
 14954 | Lair:3   | Found a hole to the Spider Nest.
 14963 | Lair:3   | Noticed a five-headed hydra
 15139 | Lair:3   | You fall into a shaft and drop 2 floors!
 15139 | Lair:5   | Entered Level 5 of the Lair of Beasts
 15174 | Lair:5   | Found a staircase to the Slime Pits.
 15174 | Lair:5   | Found a viscous altar of Jiyva.
 15251 | Lair:5   | Noticed Nessos
 15322 | Lair:5   | Reached skill level 5 in Fighting
 15622 | Lair:5   | Reached XP level 13. HP: 70/83 MP: 16/16
 15738 | Lair:5   | Shot with an arrow by Nessos

Illustrated notes

Levels and vault maps discovered:
D:1:      nicolae_arrival_memento_mori, layout_basic
D:2:      layout_basic, serial_shops, shop
D:3:      layout_loops_ring, cheibriados_altar_1, jmf_multi_god_temple,
          minmay_gold_behind_fungi, uniq_grinder, uniq_crazy_yiuf_cottage
D:4:      layout_basic, roderic_batcave, corexii_leaking_fountain,
          minmay_manual_monolith
D:5:      layout_loops_cross, elyvilon_altar_5, cheibrodos_sewer_entry_drain,
          enter_ossuary_1
D:6:      layout_basic, minmay_temple_entry_sparse_star, uniq_jeremiah,
          uniq_sigmund
D:7:      layout_rooms, kennysheep_okawaru_gauntlet,
          mainiacjoe_overflow_alcove_4, nicolae_zig_zag_zippers,
          uniq_prince_ribbit1, uniq_maurice, uniq_maggie
D:8:      layout_loops_cross, evilmike_ruin_ashenzari,
          nemelex_diamond_rough_becter, nicolae_hepliaklqana_hazy_memory,
          mainiacjoe_overflow_six_doors_small, minivault_4,
          eino_small_chamber_without_monster, uniq_erica, uniq_psyche
D:9:      layout_roguey, nzn_wu_jian_contemplation, enter_bailey_3,
          chequers_serial_rivers_room_a
D:10:     layout_irregular_city, mainiacjoe_overflow_paths, dpeg_oklobed_lair,
          st_stairs_6
Temple:   nicolae_temple_ecumenical_triangle
Lair:1:   layout_cave_pods, chequers_serial_rivers_large_b
Lair:2:   layout_cave_pods, elwin_shoals_entry_rocks, serial_bayou_shore_b,
          lemuel_fruit_fields, uniq_fannar
Lair:3:   wad_woods_pond, layout_long_grid, spider_nest_entry_web_field,
          minivault_24
Lair:4:   layout_cave_pods, infiniplex_staircase_pool
Lair:5:   minmay_lair_end_frog_pond, layout_cave_pods,
          minmay_slime_entry_oklob_open, uniq_nessos

Skill      XL: |  1  2  3  4  5  6  7  8  9 10 11 12 |
---------------+-------------------------------------+-----
Unarmed Combat | 3 4 5 6 7 8 9 10 11 | 11.3
Stealth        | 7 9 10 12 | 12.1
Shapeshifting  | 1 2 5 8 10 11 | 11.1
Dodging        | 4 8 10 13 14 | 14.0
Spellcasting   | 2 |  2.0
Invocations    | 2 |  2.0
Evocations     | 1 |  1.0
Fighting       | 5 |  5.7

Action                     |  1- 3 |  4- 6 |  7- 9 | 10-12 | 13-15 || total
---------------------------+-------+-------+-------+-------+-------++-------
  Melee: Unarmed           |    47 |    76 |   260 |   590 |    29 ||  1002
         Tentacles         |    12 |    19 |    65 |   187 |     2 ||   285
         Constrict         |    18 |    23 |    56 |   115 |       ||   212
         Punch             |     4 |     6 |    16 |    22 |       ||    48
         Whip              |       |       |       |     7 |       ||     7
         Maw               |       |       |       |    71 |       ||    71
   Cast: Lesser Beckoning  |       |       |       |       |     3 ||     3
    Use: Scroll            |     1 |       |       |     1 |       ||     2
         Potion            |       |       |     2 |     1 |       ||     3
   Stab: Sleeping          |     6 |     2 |    38 |    16 |       ||    62
         Confused          |       |       |       |     2 |       ||     2
         Distracted        |       |       |       |     1 |       ||     1
 Armour: Skin              |    11 |    44 |   112 |   357 |    24 ||   548
  Dodge: Dodged            |    19 |    37 |   106 |   604 |   108 ||   874
   Form: Flux              |       |       |       |     2 |       ||     2
         Maw               |       |       |       |     1 |       ||     1

Table legend: (Time is in decaauts)
 A = Elapsed time spent in this place.
 B = Non-inter-level travel time spent in this place.
 C = Inter-level travel time spent in this place.
 D = Time resting spent in this place.
 E = Time spent auto-exploring this place.
 F = Levels seen in this place.
 G = Mean time per level.
                   A        B        C        D        E       F      G
               +--------+--------+--------+--------+--------+-----+--------+
         Total |  15591 |  13752 |   1839 |    965 |   7441 |  19 |  820.6 |
       Dungeon |  10280 |   8979 |   1301 |    636 |   5679 |  10 | 1028.0 |
        Temple |      1 |      1 |      0 |      0 |      0 |   1 |    1.0 |
          Lair |   3870 |   3332 |    538 |    329 |   1604 |   5 |  774.0 |
         Sewer |    500 |    500 |      0 |      0 |      0 |   1 |  500.0 |
       Ossuary |    568 |    568 |      0 |      0 |    158 |   1 |  568.0 |
        Bailey |    369 |    369 |      0 |      0 |      0 |   1 |  369.0 |
               +--------+--------+--------+--------+--------+-----+--------+

Top non-repeatable levels by time:
  Lair:2: 1614 daAuts
     D:8: 1555 daAuts
  Lair:1: 1329 daAuts
     D:7: 1278 daAuts
     D:6: 1118 daAuts
     D:4: 979 daAuts
     D:3: 970 daAuts
    D:10: 949 daAuts
     D:1: 934 daAuts
     D:5: 853 daAuts
     D:9: 835 daAuts
     D:2: 806 daAuts
  Lair:5: 577 daAuts
 Ossuary: 568 daAuts
   Sewer: 500 daAuts
